 Dungeon Crawl Stone Soup version 0.25-a0-670-g50981ef59b (webtiles) character file.

Game seed: 16046730354713519488, levelgen mode: deterministic

194641 Hartz the Scorcher (level 18, -1/110 HPs)
             Began as a Gargoyle Earth Elementalist on Mar 28, 2020.
             Was the Champion of Vehumet.
             Slain by an emperor scorpion (18 damage)
             ... on level 4 of the Lair of Beasts on Mar 29, 2020.
             The game lasted 02:03:03 (35035 turns).

Hartz the Scorcher (Gargoyle Earth Elementalist)   Turns: 35035, Time: 02:03:04

Health: -1/110     AC: 25    Str: 13    XL:     18   Next: 31%
Magic:  11/33      EV: 16    Int: 26    God:    Vehumet [******]
Gold:   1540       SH:  5    Dex: 10    Spells: 6/39 levels left

rFire    . . .     SeeInvis +   f - +3 demon whip (elec)
rCold    . . .     Gourm    .   B - +1 buckler "Loesovys" {SInv}
rNeg     + . .     Faith    .   U - +2 robe {Archmagi}
rPois    ∞         Spirit   .   o - +2 hat {Int+3}
rElec    +         Reflect  .   O - +2 cloak
rCorr    .         Harm     .   Q - +1 pair of gloves
MR       +....                  l - +1 pair of boots
Stlth    ++........             R - amulet of magic regeneration
HPRegen  0.28/turn              z - +6 ring of protection
MPRegen  0.48/turn              I - ring of wizardry

@: corroded, flying, studying Summonings
A: big wings, blurry vision 1, negative energy resistance 1, screaming 1,
electricity resistance, unbreathing, petrification resistance, rot immunity, AC
+13
}: 1/15 runes: barnacled
a: Stop Flying, Renounce Religion


You were on level 4 of the Lair of Beasts.
You worshipped Vehumet.
Vehumet was exalted by your worship.
You were not hungry.

You visited 6 branches of the dungeon, and saw 29 of its levels.
You also visited: Volcano.

You collected 2630 gold pieces.
You spent 1090 gold pieces at shops.

Inventory:

Hand Weapons
 f - a +3 demon whip of electrocution (weapon)
 t - a +1 demon trident of draining
 D - a +4 eveningstar of freezing
Missiles
 b - 557 stones (quivered)
 n - 7 throwing nets
Armour
 a - a +1 robe of fire resistance
 l - a +1 pair of boots (worn)
 o - a +2 hat of intelligence (worn)
 y - a +2 robe of cold resistance
 B - the +1 buckler "Loesovys" (worn) {SInv}
   (You found it on level 6 of the Dungeon)

   It lets you see invisible.
 O - a +2 cloak (worn)
 Q - a +1 pair of gloves (worn)
 U - a +2 robe of the Archmagi (worn)
Jewellery
 x - a +3 ring of intelligence
 z - a +6 ring of protection (left hand)
 I - a ring of wizardry (right hand)
 J - an uncursed ring of fire
 R - an amulet of magic regeneration (around neck)
Wands
 q - a wand of flame (30)
 u - a wand of iceblast (11)
 H - a wand of scattershot (6)
 L - a wand of polymorph (1)
 T - a wand of enslavement (18)
Scrolls
 c - a scroll of fog
 h - 8 scrolls of remove curse
 i - 7 scrolls of amnesia
 j - 7 scrolls of identify
 m - 7 scrolls of blinking
 v - 2 scrolls of fear
 C - 10 scrolls of teleportation
 N - 2 scrolls of magic mapping
 P - a scroll of brand weapon
Potions
 k - 3 potions of brilliance
 p - 3 potions of haste
 r - 5 potions of stabbing
 s - a potion of lignification
 A - 5 potions of cancellation
 E - a potion of resistance
 G - 12 potions of curing
 K - 4 potions of berserk rage
 M - a potion of ambrosia
 V - a potion of invisibility
Books
 S - a manual of Summonings
Miscellaneous
 e - a phantom mirror
 g - a fan of gales
 F - 2 sacks of spiders
Comestibles
 d - 19 rations


   Skills:
 + Level 11.6 Fighting
 + Level 10.8 Maces & Flails
 - Level 6.0 Armour
 + Level 9.5 Dodging
 - Level 2.1 Stealth
 - Level 4.0 Shields
 + Level 11.1 Spellcasting
 + Level 12.4 Conjurations
   Level 0.7 Transmutations
 * Level 15.5 Fire Magic
 + Level 14.0 Earth Magic
 - Level 6.0 Evocations


You had 6 spell levels left.
You knew the following spells:

 Your Spells              Type           Power        Failure   Level  Hunger
a - Sandblast             Erth           ######       0%          1    None
b - Stone Arrow           Conj/Erth      ######       1%          3    None
c - Lee's Rapid Deconstr  Erth           #######...   1%          5    ###....
d - Iron Shot             Conj/Erth      #######...   1%          6    #####..
e - Bolt of Magma         Conj/Fire/Erth #######...   1%          5    ###....
f - Fireball              Conj/Fire      #######...   1%          5    ###....
g - Ignition              Fire           #######...   5%          8    #######

Your spell library contained the following spells:

 Spells                   Type           Power        Failure   Level  Hunger
 Lehudib's Crystal Spear  Conj/Erth      #######...   13%         8    #######
 Glaciate                 Conj/Ice       ######....   100%        9    #######
 Animate Skeleton         Necr           N/A          1%          1    None
 Apportation              Tloc           ###...       1%          1    None
 Corona                   Hex            ###....      1%          1    None
 Freeze                   Ice            ###.         1%          1    None
 Infusion                 Chrm           ###.         1%          1    None
 Pain                     Necr           ###.         1%          1    None
 Summon Small Mammal      Summ           ###.         1%          1    None
 Passwall                 Tmut/Erth      ######..     1%          2    None
 Frozen Ramparts          Ice            ###...       1%          3    None
 Hailstorm                Conj/Ice       ######..     1%          4    None
 Leda's Liquefaction      Hex/Erth       ######....   1%          4    None
 Petrify                  Tmut/Erth      ######..     1%          4    None
 Blink                    Tloc           N/A          2%          2    None
 Shroud of Golubria       Chrm/Tloc      ###...       2%          2    None
 Song of Slaying          Chrm           ###.....     2%          2    None
 Confusing Touch          Hex            ###.....     4%          3    None
 Gell's Gravitas          Tloc           ###.......   4%          3    None
 Lesser Beckoning         Tloc           ###.......   4%          3    None
 Ozocubu's Armour         Chrm/Ice       ###.....     4%          3    None
 Spectral Weapon          Hex/Chrm       ###.....     4%          3    None
 Teleport Other           Tloc           ###.....     4%          3    None
 Vampiric Draining        Necr           ###.......   4%          3    None
 Yara's Violent Unravell  Hex/Tmut       ###.......   11%         5    ###....
 Animate Dead             Necr           N/A          16%         4    None
 Passage of Golubria      Tloc           N/A          16%         4    None
 Summon Ice Beast         Ice/Summ       ###.....     16%         4    None
 Agony                    Necr           ###.....     41%         5    ###....
 Metabolic Englaciation   Hex/Ice        ###.......   41%         5    ###....
 Statue Form              Tmut/Erth      Unusable     N/A         6    N/A

Dungeon Overview and Level Annotations

Branches:
Dungeon (15/15)            Temple (1/1) D:6            Lair (6/6) D:8
 Shoals (4/4) Lair:4       Spider (1/4) Lair:4        Slime (0/5) Lair:5
    Orc (2/2) D:9             Elf (0/3) Orc:2        Vaults (0/5) D:13
 Depths (0/5) D:15        Volcano (visited)

Altars:
Ashenzari
Dithmenos
Gozag
Kikubaaqudgha
Makhleb
Nemelex Xobeh
Ru
Vehumet
Xom
Yredelemnul
Zin
The Shining One
Beogh
Jiyva

Shops:
D:7 :   D:8 ?[(}(   D:11 (   D:13 (   Orc:2 %:!(

Portals:
Pandemonium: Orc:2
Bazaar: D:15
Trove: D:15 (give +6 demon trident)

Annotations:
D:9 3 runed translucent doors, Darucam's ghost, novice DsMo
D:10 1 runed translucent door, Anaz's ghost, journeyman DgAE


Innate Abilities, Weirdness & Mutations

You are resistant to torment.
Your stone body is resilient. (AC +13)
You are immune to poison.
Your large and strong wings let you fly indefinitely.
You resist negative energy. (rN+)
You are resistant to electric shocks. (rElec)
You can survive without breathing.
You are immune to petrification.
You are immune to rotting.
Scrolls take you a little longer to read.
You occasionally shout uncontrollably at your foes.


Message History

The fireball explodes!
The fireball engulfs the emperor scorpion!!
The emperor scorpion is almost dead.
The fireball engulfs you!!
* * * LOW HITPOINT WARNING * * *
The fireball engulfs the wolf spider!!
The wolf spider is heavily wounded.
The wolf spider barely misses you. The wolf spider completely misses you.
The emperor scorpion stings you!
* * * LOW HITPOINT WARNING * * *
The emperor scorpion claws you.
* * * LOW HITPOINT WARNING * * *
The emperor scorpion claws you but does no damage.
Unknown command.
Unknown command.
You feel much better. The wolf spider hits you!
* * * LOW HITPOINT WARNING * * *
The wolf spider bites you but does no damage.
The emperor scorpion stings you!!
You die...

#####.### #######..###.#
### #P#.#.....##.##
####≈###........##§≈.#
##.≈≈≈.≈≈≈......##§≈≈≈.
#.≈.≈≈.≈≈.≈.....#≈≈≈≈≈≈
#≈≈≈.≈.≈.≈≈#....##≈≈≈≈.
##≈≈≈...§≈≈...#####§≈.#
#P....@s....####..#...#
#.≈≈≈..s§≈≈.P##........
#.≈≈.≈.≈.≈≈≈###..P.#...
##.≈.≈≈.≈≈.≈.#...P.##...
#...≈≈≈.≈≈≈.##..P.P###..
#...≈.#......#..PP####..
##.........###...####...
##..##.#...##...###....
##.#######.....##....#


You could see an emperor scorpion and a wolf spider.

Vanquished Creatures
  Mara (Shoals:3)
  Jorgrun (Shoals:1)
  The ghost of Ona Duac the Eclecticist, an adept DECj of Vehumet (Shoals:3)
  Polyphemus (Shoals:3)
  Gastronok (Lair:2)
  2 krakens
  Frances (D:13)
  Kirke (Shoals:4)
  Donald (Shoals:2)
  Ilsuiw (Shoals:3)
  Roxanne (Shoals:2)
  A frost giant (D:15)
  An orc warlord (Orc:2)
  An entropy weaver (Spider:1)
  A stone giant (Orc:2)
  A red draconian (Volcano)
  3 merfolk javelineers
  9 merfolk impalers
  5 vault guards (D:13)
  Harold (D:9)
  5 hydras
  An alligator snapping turtle (Shoals:4)
  2 centaur warriors
  2 merfolk avatars
  2 catoblepae
  6 merfolk aquamancers (Shoals:4)
  2 two-headed ogres
  2 ogre magi (D:13)
  4 death yaks
  7 orc high priests (Orc:2)
  A satyr (Shoals:2)
  2 sun demons (Orc:2)
  Nergalle (Lair:1)
  A salamander mystic (Volcano)
  3 unseen horrors
  2 gelid demonspawn (Orc:2)
  A wizard (D:15)
  13 sea snakes
  A torturous demonspawn (Orc:2)
  A kraken simulacrum (Shoals:4)
  12 harpies
  7 orc knights
  A deep elf archer (D:13)
  2 deep elf magi
  Pikel (D:5)
  7 ugly things
  The ghost of anet the Quickloader, a novice GnHu (D:5)
  2 wolf spiders (Spider:1)
  15 fauns
  7 orc sorcerers
  5 cyclopes
  5 oklob plants
  An orb spider (Spider:1)
  9 manticores
  5 salamanders (Volcano)
  23 elephants
  6 black mambas
  10 merfolk sirens
  A rust devil (Orc:2)
  8 spiny frogs
  2 water nymphs
  Psyche (D:9)
  A yaktaur (D:15)
  2 orange demons (Orc:2)
  6 komodo dragons
  9 rime drakes
  A demonic crawler (Spider:1)
  A yaktaur (shapeshifter) (D:14)
  2 guardian mummies (D:15)
  3 spectral merfolk (Shoals:3)
  A spectral water nymph (Shoals:3)
  4 trolls
  22 merfolk
  A hornet (Lair:6)
  3 jumping spiders
  3 polar bears
  3 meliai (D:15)
  7 wind drakes
  5 slime creatures (D:12)
  11 dream sheep
  2 spectral manticores (Shoals:3)
  10 snapping turtles
  17 hippogriffs
  13 blink frogs
  A centaur simulacrum (D:14)
  5 wyverns
  A ynoxinul (Orc:2)
  5 wraiths
  A tarantella (Spider:1)
  3 redbacks
  A shadow (D:12)
  74 yaks
  3 basilisks
  7 water elementals
  3 hogs (Shoals:4)
  A yak (shapeshifter) (D:13)
  2 humans (D:13)
  A neqoxec (Orc:2)
  Grum (D:9)
  A fire bat (D:5)
  Eustachio (D:4)
  3 hungry ghosts
  2 wargs (Orc:1)
  25 water moccasins
  12 porcupines
  2 black bears
  35 orc warriors
  3 phantoms
  A sky beast (D:9)
  3 ice beasts
  2 eyes of draining
  7 ogres
  15 centaurs
  9 wolves
  13 crocodiles
  A spectral cyclops (Shoals:3)
  3 big kobolds
  21 bullfrogs
  2 merfolk simulacra (Shoals:3)
  A wyvern skeleton (D:15)
  5 scorpions
  2 troll zombies (D:9)
  10 killer bees
  26 wights
  5 howler monkeys
  8 electric eels
  8 crimson imps
  A troll skeleton (D:9)
  3 bullfrog zombies
  A bullfrog skeleton (D:12)
  3 jellies
  6 human zombies (D:9)
  31 orc priests
  10 hounds
  5 centaur skeletons
  An iguana (D:10)
  Ijyb (D:4)
  A human skeleton (D:9)
  19 orc wizards
  6 worker ants
  6 ogre zombies (D:9)
  2 hound zombies
  2 mummies (D:9)
  A worker ant zombie (D:3)
  6 gnolls
  12 adders
  4 shadow imps
  An adder skeleton (D:5)
  An adder zombie (D:5)
  2 worms
  2 dart slugs (D:1)
  9 leopard geckos
  80 orcs
  4 giant cockroaches
  7 goblins
  6 hobgoblins
  9 jackals
  27 kobolds
  4 quokkas
  A ball python (D:3)
  5 bats
  7 frilled lizards
  2 goblin skeletons (D:9)
  2 goblin zombies (D:9)
  A hobgoblin zombie (D:9)
  A leopard gecko zombie (D:9)
  20 orc zombies (D:9)
  A quokka zombie (D:9)
  3 rats
  17 plants
  3 tentacles
1023 creatures vanquished.

Vanquished Creatures (others)
  A human (Shoals:4)
  An orc zombie (D:9)
  9 fungi
  57 plants
  15 tentacles
83 creatures vanquished.

Grand Total: 1106 creatures vanquished

Notes
Turn   | Place    | Note
-------+----------+-------------------------------------------
     0 | D:1      | Hartz the Gargoyle Earth Elementalist began the quest for
                  | the Orb.
     0 | D:1      | Reached XP level 1. HP: 10/10 MP: 3/3
   150 | D:1      | Reached XP level 2. HP: 15/15 MP: 3/5
   915 | D:2      | Reached XP level 3. HP: 16/19 MP: 4/7
   988 | D:2      | Learned a level 3 spell: Stone Arrow
  1208 | D:2      | Reached skill level 1 in Conjurations
  1208 | D:2      | Reached XP level 4. HP: 23/24 MP: 5/8
  1512 | D:2      | Reached skill level 5 in Earth Magic
  1725 | D:3      | Reached XP level 5. HP: 28/28 MP: 1/9
  1734 | D:2      | Learned a level 5 spell: Lee's Rapid Deconstruction
  2179 | D:3      | Found a radiant altar of Vehumet.
  2241 | D:3      | Became a worshipper of Vehumet
  2580 | D:3      | Reached XP level 6. HP: 30/32 MP: 8/11
  3066 | D:4      | Noticed Eustachio
  3066 | D:4      | Noticed a phantom
  3084 | D:4      | Killed a phantom
  3168 | D:4      | Killed Eustachio
  3168 | D:4      | Reached XP level 7. HP: 27/36 MP: 2/13
  3727 | D:4      | Found a sacrificial altar of Ru.
  3786 | D:5      | Entered Level 5 of the Dungeon
  3799 | D:5      | Noticed Pikel
  3856 | D:5      | Noticed Ijyb
  3864 | D:5      | Reached skill level 1 in Armour
  3895 | D:4      | Killed Ijyb
  3895 | D:4      | Reached * piety under Vehumet
  3895 | D:4      | Offered knowledge of Magic Dart by Vehumet.
  4076 | D:5      | Noticed Edmund
  4077 | D:5      | Reached skill level 1 in Maces & Flails
  4398 | D:5      | Noticed Edmund
  4398 | D:5      | Edmund changed into Edmund the fire bat
  4400 | D:5      | Killed Edmund the fire bat
  4400 | D:5      | Reached skill level 1 in Fighting
  4400 | D:5      | Reached skill level 1 in Evocations
  4400 | D:5      | Reached XP level 8. HP: 43/43 MP: 8/15
  4502 | D:5      | Found a basalt altar of Yredelemnul.
  4614 | D:5      | Found a runed translucent gate.
  4623 | D:5      | Found a runed translucent gate.
  4623 | D:5      | Found a runed translucent gate.
  4624 | D:5      | Noticed anet's ghost (novice GnHu)
  4655 | D:5      | Killed Pikel
  4655 | D:5      | Reached skill level 5 in Spellcasting
  4901 | D:5      | Killed anet's ghost
  4901 | D:5      | Reached skill level 5 in Conjurations
  4901 | D:5      | Reached XP level 9. HP: 17/50 MP: 4/17
  5142 | D:6      | Got a brightly glowing buckler
  5148 | D:6      | Identified the +1 buckler "Loesovys" {SInv} (You found it
                  | on level 6 of the Dungeon)
  5155 | D:6      | Reached ** piety under Vehumet
  5155 | D:6      | Offered knowledge of Foxfire by Vehumet.
  5450 | D:6      | Reached skill level 1 in Shields
  6009 | D:6      | Found a staircase to the Ecumenical Temple.
  6021 | Temple   | Entered the Ecumenical Temple
  6081 | D:7      | Found Wemouroa's Book Boutique.
  6412 | D:7      | Found a shimmering altar of Xom.
  6412 | D:7      | Found an opulent altar of Gozag.
  6782 | D:8      | Found Leetiz's Gadget Shoppe.
  6869 | D:8      | Found a burning altar of Makhleb.
  6931 | D:8      | Found Kaux's Antique Weapon Shop.
  6978 | D:8      | Found Xarous's Weapon Boutique.
  6996 | D:8      | Found Irenuomy's Antique Armour Emporium.
  7004 | D:8      | Reached XP level 10. HP: 49/56 MP: 13/18
  7006 | D:8      | Offered knowledge of Frozen Ramparts by Vehumet.
  7150 | D:8      | Found a staircase to the Lair.
  7277 | D:8      | Reached *** piety under Vehumet
  7374 | D:8      | Found a glowing golden altar of the Shining One.
  7622 | D:8      | Found Causmutt's Magic Scroll Boutique.
  7625 | D:8      | Bought a scroll of brand weapon for 280 gold pieces
  7628 | D:8      | Bought a scroll of enchant weapon for 105 gold pieces
  7628 | D:8      | Bought a scroll of enchant weapon for 105 gold pieces
  8033 | D:9      | Found a shadowy altar of Dithmenos.
  8099 | D:9      | Noticed Psyche
  8102 | D:9      | Killed Psyche
  8102 | D:9      | Offered knowledge of Ignite Poison by Vehumet.
  8134 | D:9      | Reached skill level 5 in Fighting
  8134 | D:9      | Reached skill level 5 in Armour
  8311 | D:9      | Noticed Grum
  8333 | D:9      | Killed Grum
  8333 | D:9      | Reached XP level 11. HP: 63/63 MP: 8/20
  8417 | D:9      | Found a runed translucent gate.
  8428 | D:9      | Found an opulent altar of Gozag.
  8431 | D:9      | Noticed Darucam's ghost (novice DsMo)
  8432 | D:9      | Found a runed translucent gate.
  8432 | D:9      | Found a runed translucent gate.
  8478 | D:9      | Reached **** piety under Vehumet
  8609 | D:9      | Offered knowledge of Static Discharge by Vehumet.
  8613 | D:9      | Found an ancient bone altar of Kikubaaqudgha.
  9152 | D:9      | Reached skill level 5 in Maces & Flails
  9170 | D:9      | Found a staircase to the Orcish Mines.
  9306 | D:9      | Noticed a deep elf mage
  9319 | D:9      | Killed a deep elf mage
  9418 | D:9      | Noticed Harold
  9449 | D:9      | Killed Harold
  9645 | D:10     | Entered Level 10 of the Dungeon
  9985 | D:10     | Reached ***** piety under Vehumet
  9985 | D:10     | Reached skill level 5 in Evocations
  9988 | D:10     | Offered knowledge of Airstrike by Vehumet.
  9988 | D:10     | Reached skill level 5 in Dodging
 10022 | D:10     | Noticed a two-headed ogre
 10026 | D:10     | Killed a two-headed ogre
 10135 | D:10     | Noticed an unseen horror
 10144 | D:10     | Killed an unseen horror
 10321 | D:10     | Found a runed translucent door.
 10322 | D:10     | Noticed Anaz's ghost (journeyman DgAE)
 10341 | D:11     | Found Usedius's Weapon Shop.
 10804 | D:11     | Found a glowing golden altar of the Shining One.
 10923 | D:11     | Reached XP level 12. HP: 71/71 MP: 22/22
 11255 | D:12     | Reached skill level 10 in Earth Magic
 12027 | D:12     | Noticed a two-headed ogre
 12033 | D:12     | Killed a two-headed ogre
 12269 | D:12     | Offered knowledge of Bolt of Magma by Vehumet.
 12276 | D:12     | Learned a level 5 spell: Bolt of Magma
 12409 | D:13     | Noticed Frances
 12599 | D:13     | Noticed a vault guard
 12619 | D:13     | Noticed a vault guard
 12635 | D:13     | Found Xumerr's Antique Weapon Shoppe.
 12725 | D:13     | Killed a vault guard
 12725 | D:13     | Reached skill level 1 in Fire Magic
 12772 | D:13     | Killed a vault guard
 12772 | D:13     | Reached skill level 2 in Fire Magic
 12780 | D:13     | Noticed an ogre mage
 13311 | D:13     | Noticed an eight-headed hydra
 13320 | D:13     | Killed an eight-headed hydra
 13491 | D:13     | Noticed a vault guard
 13494 | D:13     | Noticed an ogre mage
 13495 | D:13     | Killed an ogre mage
 13495 | D:13     | Reached skill level 3 in Fire Magic
 13497 | D:13     | Killed an ogre mage
 13497 | D:13     | Reached XP level 13. HP: 60/78 MP: 17/25
 13502 | D:13     | Killed a vault guard
 13577 | D:13     | Noticed a vault guard
 13578 | D:13     | Noticed a vault guard
 13597 | D:13     | Killed a vault guard
 13597 | D:13     | Reached skill level 4 in Fire Magic
 13603 | D:13     | Killed a vault guard
 13642 | D:13     | Killed Frances
 13994 | D:13     | Found a gate to the Vaults.
 14774 | Lair:1   | Entered Level 1 of the Lair of Beasts
 14812 | Lair:1   | Reached skill level 5 in Fire Magic
 14838 | Lair:1   | Noticed Nergalle
 14862 | Lair:1   | Killed Nergalle
 15971 | Lair:2   | Reached skill level 6 in Fire Magic
 15993 | Lair:2   | Noticed Gastronok
 16198 | Lair:2   | Identified the cursed +1 whip of Qiehiow {speed, Int+4}
                  | (You found it on level 2 of the Lair of Beasts)
 16232 | Lair:2   | Killed Gastronok
 16232 | Lair:2   | Gained mutation: Your large and strong wings let you fly
                  | indefinitely. [Gargoyle growth]
 16232 | Lair:2   | Reached XP level 14. HP: 84/84 MP: 11/26
 16871 | Lair:3   | Reached skill level 10 in Conjurations
 16885 | Lair:3   | Offered knowledge of Spellforged Servitor by Vehumet.
 17089 | Lair:3   | Found a glowing silver altar of Zin.
 17197 | Lair:3   | Reached skill level 7 in Fire Magic
 18155 | Lair:4   | Found a dark tunnel.
 18162 | Volcano  | Entered a volcano
 18184 | Volcano  | Noticed a red draconian
 18201 | Volcano  | Killed a red draconian
 19029 | Lair:4   | Reached skill level 8 in Fire Magic
 19489 | Lair:4   | Found a staircase to the Shoals.
 19535 | Lair:4   | You are sucked into a shaft and drop 1 floor!
 19767 | Lair:4   | Found a hole to the Spider Nest.
 19998 | Lair:5   | Found a staircase to the Slime Pits.
 19998 | Lair:5   | Found a viscous altar of Jiyva.
 20390 | Lair:5   | Reached XP level 15. HP: 80/91 MP: 28/28
 20858 | Lair:5   | Offered knowledge of Fireball by Vehumet.
 20865 | Lair:5   | Learned a level 5 spell: Fireball
 21022 | Lair:6   | Entered Level 6 of the Lair of Beasts
 21055 | Lair:5   | Upgraded the game from 0.25-a0-668-gea548f19b6 to
                  | 0.25-a0-670-g50981ef59b
 21210 | Lair:6   | Reached skill level 9 in Fire Magic
 21706 | Lair:6   | Reached skill level 10 in Fighting
 22533 | Lair:6   | Reached ****** piety under Vehumet
 22536 | Lair:6   | Offered knowledge of Ozocubu's Refrigeration by Vehumet.
 22983 | Lair:6   | Reached skill level 10 in Spellcasting
 23573 | Orc:1    | Entered Level 1 of the Orcish Mines
 23809 | Orc:1    | Found a roughly hewn altar of Beogh.
 24225 | Orc:2    | Entered Level 2 of the Orcish Mines
 24291 | Orc:2    | Offered knowledge of Iron Shot by Vehumet.
 24317 | Orc:1    | Learned a level 6 spell: Iron Shot
 24492 | Orc:2    | Found a staircase to the Elven Halls.
 24712 | Orc:2    | Reached skill level 10 in Fire Magic
 25057 | Orc:2    | Noticed an orc warlord
 25084 | Orc:2    | Killed an orc warlord
 25220 | Orc:2    | Found Zikiotuu's Food Emporium.
 25489 | Orc:2    | Found Ceckoil's Distillery.
 25573 | Orc:2    | Bought a potion of curing for 45 gold pieces
 25573 | Orc:2    | Bought a potion of curing for 45 gold pieces
 25573 | Orc:2    | Bought 2 potions of curing for 90 gold pieces
 25573 | Orc:2    | Bought a potion of heal wounds for 75 gold pieces
 25573 | Orc:2    | Bought a potion of invisibility for 120 gold pieces
 25573 | Orc:2    | Bought a potion of haste for 150 gold pieces
 25573 | Orc:2    | Bought a potion of heal wounds for 75 gold pieces
 25615 | Orc:2    | Gained mutation: You occasionally shout uncontrollably at
                  | your foes. [a neqoxec]
 25618 | Orc:2    | Reached XP level 16. HP: 88/98 MP: 17/30
 25644 | Orc:2    | Gained mutation: Scrolls take you a little longer to read.
                  | [a neqoxec]
 26068 | Orc:2    | Offered knowledge of Freezing Cloud by Vehumet.
 26147 | Orc:2    | Reached skill level 10 in Maces & Flails
 26195 | Orc:2    | Found Boxtoj's Antique Weapon Boutique.
 26195 | Orc:2    | Found Kouseuwn's Book Shop.
 26221 | Orc:2    | Found a one-way gate leading to the halls of Pandemonium.
 26409 | D:15     | Entered Level 15 of the Dungeon
 26541 | D:15     | Found a gateway to a bazaar.
 27032 | D:15     | Found a staircase to the Depths.
 27306 | D:15     | Reached skill level 11 in Fire Magic
 27475 | D:15     | Found a portal to a secret trove of treasure.
 28026 | Shoals:1 | Entered Level 1 of the Shoals
 28673 | Shoals:1 | Noticed Jorgrun
 28677 | Shoals:1 | Killed Jorgrun
 28996 | Shoals:2 | Offered knowledge of Lehudib's Crystal Spear by Vehumet.
 28996 | Shoals:2 | Offered knowledge of Glaciate by Vehumet.
 28996 | Shoals:2 | Offered knowledge of Ignition by Vehumet.
 29001 | Shoals:2 | Noticed Donald
 29009 | Shoals:2 | Killed Donald
 29150 | Shoals:2 | Learned a level 8 spell: Ignition
 29418 | Shoals:2 | Reached skill level 12 in Fire Magic
 29443 | Shoals:2 | Identified Roxanne's Papyrus of the Mountains
 29443 | Shoals:2 | Noticed Roxanne
 29446 | Shoals:2 | Identified the +3 bardiche of Somewhere Else {protect, rC+
                  | MR++}
 29447 | Shoals:2 | Killed Roxanne
 29447 | Shoals:2 | Reached XP level 17. HP: 104/104 MP: 18/31
 29694 | Shoals:2 | Noticed a kraken
 29948 | Shoals:2 | Killed a kraken
 30235 | Shoals:3 | Noticed Ilsuiw
 30352 | Shoals:3 | Killed Ilsuiw
 30353 | Shoals:3 | Reached skill level 13 in Fire Magic
 30445 | Shoals:3 | Noticed Polyphemus
 31449 | Shoals:3 | Noticed Mara
 31456 | Shoals:3 | Noticed Hartz's illusion
 31462 | Shoals:3 | Killed Mara
 31462 | Shoals:3 | Reached skill level 14 in Fire Magic
 31730 | Shoals:3 | Found a runed translucent gate.
 31730 | Shoals:3 | Found a runed translucent gate.
 31730 | Shoals:3 | Found a runed translucent gate.
 31730 | Shoals:3 | Noticed Ona Duac's ghost (adept DECj)
 31738 | Shoals:3 | Killed Ona Duac's ghost
 31964 | Shoals:4 | Entered Level 4 of the Shoals
 32156 | Shoals:4 | Reached skill level 15 in Fire Magic
 32503 | Shoals:4 | Noticed a kraken
 32883 | Shoals:4 | Killed a kraken
 33410 | Shoals:4 | Got a barnacled rune of Zot
 33431 | Shoals:4 | Noticed Kirke
 33447 | Shoals:4 | Reached XP level 18. HP: 107/110 MP: 27/32
 33449 | Shoals:4 | Killed Kirke
 33775 | Shoals:4 | Identified the +1 battleaxe "Impslayer" {flame, rPois MR+
                  | Dex-3}
 34094 | Shoals:3 | Killed Polyphemus
 34983 | Spider:1 | Entered Level 1 of the Spider Nest
 35035 | Lair:4   | Slain by an emperor scorpion

Levels and vault maps discovered:
D:1:      mrwooster_arrival_statue, layout_loops_corners, hex_medium
D:2:      layout_basic, minmay_between
D:3:      layout_basic, lemuel_tele_altar
D:4:      layout_rooms, marbit_many_paths, first_ration, uniq_eustachio
D:5:      layout_cave_pools, yredelemnul_altar_generic,
          gammafunk_ghost_nasty_kobolds, kennysheep_nub, uniq_ijyb, uniq_pikel,
          uniq_edmund
D:6:      layout_gridville, minmay_temple_entry_glassed_door,
          chequers_serial_rivers_micro_a
D:7:      layout_gridville, chequers_temple_overflow_statue_of_worship,
          serial_shops, shop
D:8:      layout_gridville, nicolae_overflow_crystal_walls, lemuel_doored_altar,
          erik_lair_island, serial_shops, nicolae_shop_waterfront, shop,
          shop_statue, nicolae_shop_behind_doors, shop
D:9:      layout_basic, lemuel_mausoleum_altar_kikubaaqudgha,
          kennysheep_mini_moat, zombieorc2_lemuel, ebering_ghost_gozag,
          minivault_14, uniq_grum, uniq_harold, uniq_psyche
D:10:     layout_roguey, ebering_ghost_inner_flame
D:11:     layout_loops_ring, serial_shops, shop, tso_metal_star
D:12:     layout_loops_corners
D:13:     layout_layer_cave, grunt_vaults_entry_fortified, serial_shops,
          nicolae_shop_competitors_out_of_business, uniq_frances
D:14:     layout_basic
D:15:     grunt_enter_depths_snipers, layout_irregular_city,
          nicolae_trove_entry_path_of_doom, serial_shops, bzr_entry_road,
          minivault_26
Temple:   nicolae_temple_great_sept
Lair:1:   layout_roguey, beast_lair_carwin_10, infiniplex_staircase_pool,
          grunt_megastairs_4, uniq_nergalle
Lair:2:   layout_roguey, beast_lair_carwin_5, lemuel_fruit_tree,
          grunt_megastairs_3, uniq_gastronok
Lair:3:   layout_cave_pods, basic_altar, serial_bayou_lagoon_a,
          cheibrodos_lair_caveside_slide, serial_bayou_ford_a,
          grunt_megastairs_5, minmay_lair_oklob_chamber
Lair:4:   layout_concentric_octagons, minmay_shoals_entry_lonely_mermaid,
          spider_nest_entry_a, enter_volcano_4
Lair:5:   layout_regular_city, slime_altar_1, chequers_serial_rivers_large_a
Lair:6:   gammafunk_lair_ancient_temple, layout_cave_pods, serial_bayou_lake_a
Shoals:1: layout_shoals, uniq_jorgrun
Shoals:2: layout_shoals, uniq_donald, uniq_roxanne
Shoals:3: layout_shoals, gammafunk_ghost_necromancy, uniq_polyphemus, uniq_mara,
          uniq_ilsuiw
Shoals:4: shoals_end_grunt_ice, layout_shoals, ldierk_geyser, uniq_kirke
Spider:1: layout_spider_delve
Orc:1:    nicolae_orc_accident_2, layout_diamond_mine
Orc:2:    pf_orc_diabolical, layout_caves

Skill      XL: |  1  2  3  4  5  6  7  8  9 10 11 12 13 14 15 16 17 18 |
---------------+-------------------------------------------------------+-----
Earth Magic    | 4 5 6 7 8 9 10 11 12 13 14 | 14.0
Spellcasting   | 3 4 5 6 7 8 9 10 11 | 11.1
Conjurations   | 1 2 4 5 6 7 8 9 10 11 12 | 12.4
Armour         | 1 3 4 5 6 |  6.0
Maces & Flails | 1 2 3 4 5 7 8 9 10 | 10.8
Dodging        | 2 3 4 5 6 7 8 9 |  9.5
Fighting       | 1 3 4 5 6 7 8 9 10 11 | 11.6
Evocations     | 1 2 3 4 5 6 |  6.0
Shields        | 2 3 4 |  4.0
Fire Magic     | 3 6 8 10 12 15 | 15.5
Stealth        | |  2.1
Transmutations | |  0.7

Action                   |  1- 3 |  4- 6 |  7- 9 | 10-12 | 13-15 | 16-18 || total
-------------------------+-------+-------+-------+-------+-------+-------++-------
Melee: Club              |    56 |    94 |       |       |       |       ||   150
       Short sword       |       |     8 |    82 |       |       |       ||    90
       Dagger            |       |       |    87 |    44 |       |       ||   131
       Morningstar       |       |       |       |   348 |     6 |       ||   354
       Demon whip        |       |       |       |       |  1108 |   508 ||  1616
Throw: Javelin           |     6 |       |       |       |       |       ||     6
       Throwing net      |       |       |       |       |     2 |     1 ||     3
 Cast: Sandblast         |    17 |    58 |    67 |   123 |    87 |    31 ||   383
       Stone Arrow       |       |     6 |     9 |    66 |    84 |    11 ||   176
       Lee's Rapid Decon |       |       |     8 |    30 |    65 |    49 ||   152
       Bolt of Magma     |       |       |       |       |    16 |       ||    16
       Fireball          |       |       |       |       |    62 |   119 ||   181
       Iron Shot         |       |       |       |       |    18 |   108 ||   126
       Ignition          |       |       |       |       |       |     6 ||     6
 Abil: Fly               |       |       |       |       |     1 |       ||     1
Evoke: Wand              |       |       |    21 |    13 |    17 |    10 ||    61
       Fan of gales      |       |       |       |       |     1 |     1 ||     2
  Use: Scroll            |       |     9 |    11 |     9 |    12 |     6 ||    47
       Potion            |       |     2 |     2 |       |     4 |     9 ||    17
 Stab: Sleeping          |       |     3 |       |    11 |     2 |       ||    16
       Distracted        |       |     1 |       |       |       |     1 ||     2
       Confused          |       |       |       |       |     1 |       ||     1
  Eat: Chunk             |     1 |     7 |    12 |    17 |    40 |    45 ||   122
       Ration            |       |       |     1 |     5 |     6 |    11 ||    23
Armor: Robe              |    29 |    46 |    98 |   197 |   510 |   275 ||  1155
Dodge: Dodged            |    36 |   148 |   192 |   342 |   716 |   314 ||  1748
Block: Buckler           |       |       |    15 |   106 |   272 |   120 ||   513

Table legend:
 A = Non-vault XP
 B = Vault XP
 C = Vault XP percentage of total XP
 D = Non-vault monster count
 E = Vault monster count
 F = Vault count percentage of total count
                 A         B        C        D         E       F
            +---------+---------+-------+---------+---------+-------
      Total |  151018 |  115585 |  43.4 |     712 |     291 |  29.0
            +---------+---------+-------+---------+---------+-------
        D:1 |      22 |       0 |   0.0 |      12 |       0 |   0.0
        D:2 |     117 |      19 |  14.0 |      23 |       4 |  14.8
        D:3 |     166 |       0 |   0.0 |      27 |       0 |   0.0
        D:4 |     333 |     226 |  40.4 |      13 |       3 |  18.8
        D:5 |     310 |    1500 |  82.9 |      14 |      13 |  48.1
        D:6 |     915 |       0 |   0.0 |      20 |       0 |   0.0
        D:7 |     889 |       0 |   0.0 |      13 |       0 |   0.0
        D:8 |    1007 |     949 |  48.5 |      25 |       9 |  26.5
        D:9 |    3517 |    3217 |  47.8 |      42 |      52 |  55.3
       D:10 |    4035 |       0 |   0.0 |      22 |       0 |   0.0
       D:11 |    1312 |       0 |   0.0 |      18 |       0 |   0.0
       D:12 |    7146 |       0 |   0.0 |      38 |       0 |   0.0
       D:13 |    2928 |   10011 |  77.4 |      15 |      11 |  42.3
       D:14 |    3041 |       0 |   0.0 |      15 |       0 |   0.0
       D:15 |   12764 |    3745 |  22.7 |      45 |       5 |  10.0
     Lair:1 |    4016 |    3034 |  43.0 |      21 |      13 |  38.2
     Lair:2 |    5998 |    3426 |  36.4 |      26 |       8 |  23.5
     Lair:3 |    4056 |    4134 |  50.5 |      14 |      14 |  50.0
     Lair:4 |   10061 |    1264 |  11.2 |      39 |       4 |   9.3
     Lair:5 |    8945 |       0 |   0.0 |      35 |       0 |   0.0
     Lair:6 |   14177 |    9062 |  39.0 |      49 |      26 |  34.7
   Shoals:1 |    8469 |    2841 |  25.1 |      15 |       1 |   6.2
   Shoals:2 |   15299 |    5456 |  26.3 |      28 |       5 |  15.2
   Shoals:3 |    8754 |   22822 |  72.3 |      21 |      19 |  47.5
   Shoals:4 |   18832 |   20705 |  52.4 |      33 |      31 |  48.4
   Spider:1 |    4396 |       0 |   0.0 |       9 |       0 |   0.0
      Orc:1 |    2459 |     484 |  16.4 |      40 |       5 |  11.1
      Orc:2 |    7054 |   18309 |  72.2 |      40 |      61 |  60.4
    Volcano |       0 |    4381 | 100.0 |       0 |       7 | 100.0
            +---------+---------+-------+---------+---------+-------
